 Dungeon Crawl Stone Soup version 0.23.2-40-g277498a001 (webtiles) character file.

Game seed: 9871686169267902609

7785 Descartes the Blocker (level 11, -1/82 (84) HPs)
             Began as a Formicid Fighter on Sept 16, 2019.
             Was an Elder of Dithmenos.
             Succumbed to a death drake's dark miasma
             ... in a Gauntlet on Sept 17, 2019.
             The game lasted 00:41:07 (9714 turns).

Descartes the Blocker (Formicid Fighter)            Turns: 9714, Time: 00:41:09

HP:   -1/82 (84)    AC: 20    Str: 25    XL:     11   Next: 43%
MP:   0/19          EV: 10    Int: 11    God:    Dithmenos [****..]
Gold: 600           SH: 11    Dex:  9    Spells: 21/21 levels left

rFire    . . .     SeeInvis +   Y - +4 great sword
rCold    . . .     Gourm    .   c - +0 shield
rNeg     . . .     Faith    .   N - +0 chain mail {rPois}
rPois    +         Spirit   +   (helmet unavailable)
rElec    .         Reflect  .   x - +2 cloak
rCorr    .         Harm     .   E - +0 pair of gloves
MR       ++...                  (no boots)
Stlth    ..........             q - amulet of guardian spirit
HPRegen  0.23/turn              P - +5 ring of protection
MPRegen  0.16/turn              Z - ring of protection from magic

@: mighty, lethally poisoned (-1 -> -7), wreathed by umbra
A: permanent stasis, dig shafts and tunnels, four strong arms, antennae 3,
talons 1, clumsy 1
a: Dig, Shaft Self, Shadow Step, Renounce Religion


You were in a Gauntlet.
You worshipped Dithmenos.
Dithmenos was greatly pleased with you.
You were very hungry.

You visited 2 branches of the dungeon, and saw 12 of its levels.
You also visited: Ossuary and Gauntlet.

You collected 600 gold pieces.

Inventory:

Hand Weapons
 l - a +0 blowgun
 n - a +1 vampiric spear
 y - a +0 short sword of electrocution
 H - a +1 mace of venom
 U - a +0 dagger of holy wrath
 Y - a +4 great sword (weapon)
Missiles
 m - 335 stones
 o - 118 arrows
 p - 2 throwing nets
 C - 38 poisoned needles
 I - 8 exploding tomahawks
 R - 5 steel javelins (quivered)
Armour
 c - a +0 shield (worn)
 x - a +2 cloak (worn)
 E - a +0 pair of gloves (worn)
 N - a +0 chain mail of poison resistance (worn)
 V - a +0 leather armour of cold resistance
 X - a +0 ring mail of fire resistance
Jewellery
 q - an amulet of guardian spirit (around neck)
 s - the amulet of Xom's Ringing Laughter {Acrobat Dex+6, unknown}
   (You found it in a Gauntlet)

   [amulet of the acrobat]

   It helps you evade while moving and waiting.
   It affects your dexterity (+6).
 P - a +5 ring of protection (left hand)
 Z - a ring of protection from magic (right hand)
Wands
 B - a wand of acid (3)
 F - a wand of iceblast (12)
 G - a wand of enslavement (15)
 K - a wand of flame (22)
 M - a wand of clouds (6)
 O - a wand of polymorph (5)
Scrolls
 a - a scroll of holy word {unknown}
 b - 4 scrolls of remove curse
 e - 2 scrolls of amnesia
 g - a scroll of brand weapon {unknown}
 j - 2 scrolls of enchant weapon {unknown}
 r - a scroll of random uselessness {unknown}
 t - a scroll of torment {unknown}
 w - 2 scrolls of noise {unknown}
 D - 3 scrolls of blinking {unknown}
 J - a scroll of fear
 L - a scroll of vulnerability {unknown}
 Q - 2 scrolls of identify
 S - 2 scrolls of enchant armour {unknown}
Potions
 d - 5 potions of curing
 h - a potion of cancellation
 i - 2 potions of agility
 k - a potion of might
 u - a potion of resistance
 v - 3 potions of flight
 z - 6 potions of heal wounds
 A - 5 potions of brilliance
 T - a potion of invisibility {unknown}
 W - a potion of magic {unknown}
Comestibles
 f - 19 rations


   Skills:
 + Level 7.5 Fighting
 + Level 2.5 Long Blades
   Level 2.0 Axes
 + Level 7.4 Armour
 + Level 5.3 Dodging
 + Level 7.7 Stealth
 - Level 9.0 Shields
 + Level 5.8 Spellcasting
 + Level 6.1 Invocations
 + Level 5.3 Evocations


You had 21 spell levels left.
You didn't know any spells.
Your spell library was empty.

Dungeon Overview and Level Annotations

Branches:
Dungeon (11/15)            Temple (1/1) D:4
   Lair: D:8-11         Orc: D:9-12

Altars:
Ashenzari
Cheibriados
Dithmenos
Elyvilon
Fedhas
Gozag
Hepliaklqana
Kikubaaqudgha
Makhleb
Nemelex Xobeh
Okawaru
Qazlal
Ru
Sif Muna
Trog
Uskayaw
Vehumet
Wu Jian
Xom
Yredelemnul
Zin
The Shining One

Annotations:
Gauntlet 11 transporters, exclusion: ice statue


Innate Abilities, Weirdness & Mutations

You cannot be hasted, slowed, berserked, paralysed or teleported.
You can dig through walls and to a lower floor.
Your four strong arms can wield two-handed weapons with a shield.
You have a pair of large antennae on your head. (SInv)
You have sharp toenails.
You are clumsy. (Dex -2)


Message History

You are engulfed in dark miasma.
You feel your flesh rotting away!
Your stasis prevents you from being slowed.
* * * LOW HITPOINT WARNING * * *
You feel sick.
The death drake bites you but does no damage.
You block the death drake's attack.
You slash the death drake! Your kick misses the death drake.
The death drake is almost dead.
You feel sick. You block the death drake's attack.
The death drake breathes miasma at you. The foul vapour misses you.
You slice the death drake!!
You kill the death drake!
Dithmenos accepts your kill.
You are engulfed in dark miasma.
You feel your flesh rotting away!
Your stasis prevents you from being slowed.
* * * LOW HITPOINT WARNING * * *
You die...

### ### ### ### ### ### ###
#8# #8# #8# #8# #8# #8# #8#
############################
###≈..........................
#8#...........................
###..###########...###########
#..##.#.######.8.#...≈≈...|#
###..#.#.##°°#°#...#.≈≈..≈≈≈.#
#8#..#.##..°°@######≈..≈..≈.≈#
###..##.#.####°#...#5.≈.≈≈..$#
#.©###.####Z°#©.©#p≈≈.©≈..©#
###..#..#.###.°#...#5...≈≈.≈"#
#8#..##.#.#.##.#####..≈≈..≈5.#
###..#.#.©#..°.#...#≈≈≈.≈≈p≈≈#
#..#..#.#.#°##...#p...≈p...#
###..###########...###########
#8#≈.............§............


You could see 2 wizards, a white imp, a shadow imp and a wolf spider zombie.

Vanquished Creatures
  A death drake (Gauntlet)
  An ugly thing (D:10)
  2 centaur zombies (Gauntlet)
  A troll (D:10)
  A meliai zombie (Gauntlet)
  A hippogriff (D:9)
  A vampire (D:7)
  2 wyverns (D:9)
  A wraith (D:9)
  A spriggan (D:7)
  6 yaks (D:9)
  Menkaure (D:7)
  A water moccasin (D:9)
  A hornet zombie (D:10)
  A black bear (D:7)
  2 orc warriors (D:9)
  2 ice beasts
  6 ogres
  A sky beast (D:10)
  2 centaurs
  A big kobold (D:9)
  7 bullfrogs
  A wyvern zombie (D:8)
  3 scorpions (D:4)
  A water moccasin skeleton (D:7)
  8 wights (D:8)
  4 crimson imps
  A quasit (D:7)
  7 orc wizards
  4 orc priests
  2 centaur skeletons
  7 hounds
  A bullfrog skeleton (D:8)
  6 iguanas
  7 worker ants
  5 big kobold zombies (Ossuary)
  A hound skeleton (D:4)
  A mummy (Ossuary)
  A howler monkey zombie (D:10)
  4 gnolls
  9 adders
  2 oozes
  3 adder zombies
  2 adder skeletons
  2 worms
  3 dart slugs
  3 leopard geckos
  25 orcs
  5 spectral bats (Ossuary)
  2 ball pythons
  7 bats
  A bat zombie (D:1)
  4 giant cockroaches
  6 goblins
  10 hobgoblins
  5 jackals
  13 kobolds
  4 quokkas
  2 bat simulacra (Ossuary)
  5 frilled lizards
  7 gnoll zombies (Ossuary)
  2 goblin simulacra (Ossuary)
  3 goblin zombies (Ossuary)
  5 hobgoblin zombies (Ossuary)
  A jackal skeleton (D:5)
  2 kobold simulacra (Ossuary)
  6 kobold zombies (Ossuary)
  4 orc zombies (Ossuary)
  12 rats
  A rat simulacrum (Ossuary)
  A spectral goblin (Ossuary)
  2 spectral kobolds (Ossuary)
  4 spectral rats (Ossuary)
270 creatures vanquished.

Vanquished Creatures (others)
  A withered plant (Gauntlet)
1 creature vanquished.

Grand Total: 271 creatures vanquished

Notes
Turn   | Place    | Note
-------+----------+-------------------------------------------
     0 | D:1      | Descartes the Formicid Fighter began the quest for the Orb.
     0 | D:1      | Reached XP level 1. HP: 18/18 MP: 1/1
    62 | D:1      | Reached XP level 2. HP: 24/24 MP: 2/2
   175 | D:1      | Reached skill level 4 in Shields
   262 | D:1      | Reached XP level 3. HP: 29/29 MP: 3/3
   479 | D:1      | Reached skill level 1 in Stealth
   821 | D:2      | Reached XP level 4. HP: 33/35 MP: 5/5
   831 | D:2      | Reached skill level 1 in Dodging
   831 | D:2      | Reached skill level 1 in Spellcasting
  1233 | D:2      | Reached XP level 5. HP: 35/42 MP: 6/6
  1724 | D:3      | Gained mutation: You expend magic power (3 MP) to
                  | strengthen your wands. [potion of mutation]
  1724 | D:3      | Gained mutation: Your mind is acute. (Int +2) [potion of
                  | mutation]
  1725 | D:3      | Lost mutation: Your mind is acute. (Int +2) [potion of
                  | mutation]
  1725 | D:3      | Lost mutation: You expend magic power (3 MP) to strengthen
                  | your wands. [potion of mutation]
  1725 | D:3      | Gained mutation: You are clumsy. (Dex -2) [potion of
                  | mutation]
  1725 | D:3      | Lost mutation: You are clumsy. (Dex -2) [potion of
                  | mutation]
  1725 | D:3      | Gained mutation: You are clumsy. (Dex -2) [potion of
                  | mutation]
  1725 | D:3      | Gained mutation: You have sharp toenails. [potion of
                  | mutation]
  2023 | D:4      | Noticed an ogre
  2028 | D:4      | Killed an ogre
  2028 | D:4      | Reached skill level 5 in Shields
  2028 | D:4      | Reached XP level 6. HP: 36/48 MP: 5/8
  2321 | D:4      | Found a staircase to the Ecumenical Temple.
  2360 | Temple   | Entered the Ecumenical Temple
  2468 | Temple   | Became a worshipper of Dithmenos the Shadowed
  2727 | D:4      | Found a bloodstained altar of Trog.
  2737 | D:4      | Reached XP level 7. HP: 49/55 MP: 8/10
  2903 | D:4      | Reached skill level 6 in Shields
  3181 | D:5      | Entered Level 5 of the Dungeon
  3335 | D:5      | Reached XP level 8. HP: 54/61 MP: 10/12
  3352 | D:5      | Found a glowing golden altar of the Shining One.
  3529 | D:5      | Reached skill level 1 in Invocations
  3726 | D:6      | Reached skill level 5 in Fighting
  3759 | D:6      | Found an ancient bone altar of Kikubaaqudgha.
  3759 | D:6      | Found a deep blue altar of Sif Muna.
  3967 | D:6      | Reached skill level 1 in Evocations
  4035 | D:6      | Reached skill level 5 in Armour
  4047 | D:6      | Reached skill level 7 in Shields
  4326 | D:7      | Noticed Menkaure
  4344 | D:7      | Killed Menkaure
  4401 | D:7      | Noticed a vampire
  4402 | D:7      | Reached XP level 9. HP: 33/68 MP: 12/14
  4500 | D:7      | Reached * piety under Dithmenos
  4517 | D:7      | Found a sand-covered staircase.
  4522 | Ossuary  | Entered an ossuary
  4899 | Ossuary  | Reached ** piety under Dithmenos
  5242 | D:7      | Reached skill level 5 in Stealth
  5276 | D:7      | Reached skill level 8 in Shields
  5700 | D:8      | Reached *** piety under Dithmenos
  5870 | D:8      | Reached XP level 10. HP: 76/76 MP: 16/16
  6356 | D:9      | Reached skill level 9 in Shields
  6648 | D:9      | Found a basalt altar of Yredelemnul.
  6712 | D:9      | Found a glowing golden altar of the Shining One.
  7012 | D:8      | Reached skill level 5 in Spellcasting
  7047 | D:8      | Found a white marble altar of Elyvilon.
  7054 | D:8      | Reached skill level 5 in Invocations
  7081 | D:8      | Reached **** piety under Dithmenos
  7952 | D:10     | Entered Level 10 of the Dungeon
  7952 | D:10     | Noticed a white ugly thing
  8030 | D:10     | Reached skill level 1 in Long Blades
  8030 | D:10     | Reached XP level 11. HP: 77/84 MP: 18/18
  8675 | D:10     | Killed a white ugly thing
  8675 | D:10     | Reached skill level 5 in Dodging
  9277 | D:11     | Reached skill level 5 in Evocations
  9327 | D:11     | Found a gate leading to a gauntlet.
  9378 | Gauntlet | Entered a Gauntlet
  9378 | Gauntlet | Found a transporter.
  9378 | Gauntlet | Found a transporter.
  9378 | Gauntlet | Noticed a death drake
  9379 | Gauntlet | Found a transporter.
  9382 | Gauntlet | Found a transporter.
  9382 | Gauntlet | Found a transporter.
  9387 | Gauntlet | Noticed a wizard
  9388 | Gauntlet | Noticed a wizard
  9400 | Gauntlet | Found a transporter.
  9403 | Gauntlet | Found a transporter.
  9463 | Gauntlet | Found a transporter.
  9478 | Gauntlet | Found a transporter.
  9480 | Gauntlet | Noticed a shining eye
  9488 | Gauntlet | Found a transporter.
  9500 | Gauntlet | Found a transporter.
  9507 | Gauntlet | Noticed a queen ant
  9513 | Gauntlet | Found a transporter.
  9679 | Gauntlet | Got a bound crystal amulet
  9714 | Gauntlet | Killed a death drake
  9714 | Gauntlet | HP: 1/82 [something (8)]
  9714 | Gauntlet | Succumbed to a death drake's dark miasma

Skill      XL: |  1  2  3  4  5  6  7  8  9 10 11 |
---------------+----------------------------------+-----
Shields        | 4 5 6 7 8 9 |  9.0
Stealth        | 1 2 3 4 5 7 |  7.7
Dodging        | 1 2 3 4 5 |  5.3
Spellcasting   | 1 2 3 4 5 |  5.8
Fighting       | 4 5 6 7 |  7.5
Armour         | 4 5 6 7 |  7.4
Invocations    | 2 3 5 6 |  6.1
Evocations     | 1 3 4 5 |  5.3
Long Blades    | 1 2 |  2.5
Axes           | |  2.0

Action                   |  1- 3 |  4- 6 |  7- 9 | 10-12 || total
-------------------------+-------+-------+-------+-------++-------
Melee: War axe           |    66 |   201 |   417 |   111 ||   795
       Kick              |       |    16 |   134 |   116 ||   266
       Mace              |       |       |    73 |       ||    73
       Dagger            |       |       |       |   103 ||   103
       Great sword       |       |       |       |   148 ||   148
Throw: Javelin           |       |       |     2 |       ||     2
 Abil: Dig               |       |       |     2 |     2 ||     4
  Use: Scroll            |       |     6 |     6 |     6 ||    18
       Potion            |       |     2 |     2 |     5 ||     9
 Stab: Sleeping          |       |       |       |     6 ||     6
  Eat: Chunk             |       |     6 |     9 |    12 ||    27
       Ration            |       |       |     1 |       ||     1
Armor: Scale mail        |    29 |    88 |    43 |       ||   160
       Robe              |       |     4 |       |       ||     4
       Chain mail        |       |       |   233 |   121 ||   354
       Ring mail         |       |       |       |    24 ||    24
Dodge: Dodged            |    20 |    92 |   205 |   160 ||   477
Block: Shield            |    41 |   109 |   321 |   249 ||   720
       Rpst.: Great sword |       |       |       |    21 ||    21
